 Dungeon Crawl Stone Soup version 0.30-a0-4-ga7cffc901d (webtiles) character file.

Game seed: 15012279530513058205

93 Setbun the Cutter (level 4, 0/23 (26) HPs)
             Began as a Kobold Brigand on Aug 21, 2022.
             Slain by an orc
             ... wielding a +2 mace of draining
              (2 damage)
             ... on level 3 of the Dungeon.
             The game lasted 00:01:38 (1639 turns).

Setbun the Cutter (Kobold Brigand)                  Turns: 1639, Time: 00:01:38

HP:   0/23 (26)     AC:  4    Str:  8    XL:     4   Next: 91%
MP:   4/4           EV: 14    Int: 12    God:
Gold: 115           SH:  0    Dex: 18    Spells: 3/3 levels left

rFire   . . .      SeeInvis .    a - +2 dagger
rCold   . . .      Faith    .    (no shield)
rNeg    . . .      Spirit   .    b - +0 robe
rPois   .          Reflect  .    (no helmet)
rElec   .          Harm     .    c - +1 cloak
rCorr   .          Rampage  .    (no gloves)
Will    .....                    (no boots)
Stlth   ++++......               (no amulet)
HPRegen 0.07/turn                (no ring)
MPRegen 0.09/turn                (no ring)

@: brilliant, heavily drained
A: small, no large weapons, nightstalker 3
a: no special abilities


You were on level 3 of the Dungeon.
You visited 1 branch of the dungeon, and saw 3 of its levels.

You collected 115 gold pieces.

Inventory:

Hand Weapons
 a - a +2 dagger (weapon)
Missiles
 d - 12 poisoned darts (quivered)
 e - 3 curare-tipped darts
 o - 3 atropa-tipped darts
Armour
 b - a +0 robe (worn)
 c - a +1 cloak (worn)
Jewellery
 q - a ring of poison resistance
Scrolls
 i - 3 scrolls of identify
 n - a scroll of magic mapping
 p - 2 scrolls of teleportation {unknown}
Potions
 h - 3 potions of curing
 m - 2 potions of degeneration {unknown}


   Skills:
 - Level 2.1 Fighting
 + Level 6.2 Short Blades
 - Level 2.1 Throwing
 - Level 1.2 Dodging
 - Level 5.3 Stealth


You had 3 spell levels left.
You didn't know any spells.
Your spell library was empty.

Dungeon Overview and Level Annotations

Branches:
Dungeon (3/15)

Altars:


Innate Abilities, Weirdness & Mutations

You are small and have problems with some larger weapons.
You are completely attuned to the shadows.


Message History

You hit the orc priest but do no damage.
An orc comes into view.
It is wielding a +1 short sword of electrocution.
The orc priest closely misses you.
You hit the orc priest.
The orc priest is moderately wounded.
The orc priest barely misses you.
An orc wizard comes into view. It is wielding a +0 dagger.
An orc comes into view. It is wielding a +0 short sword.
You hit the orc priest.
The orc priest is moderately wounded.
You hit the orc priest but do no damage.
The orc priest is moderately wounded.
An orc comes into view. It is wielding a +0 hand axe.
The orc priest misses you. The orc barely misses you. x2
You hit the orc priest but do no damage.
The orc priest is moderately wounded.
The orc barely misses you. The orc misses you.
The orc priest hits you with a +0 flail.
The orc misses you.
The orc hits you with a +2 mace of draining.
You feel drained.
As you read the scroll labelled SAOBEDGHOEZA, it crumbles to dust.
You feel aware of your surroundings.
You sensed 1 altar, and 1 shop/portal.
It was a scroll of magic mapping.
The orc wizard gestures wildly while chanting.
The orc wizard flickers and vanishes!
Deactivating autopickup; reactivate with Ctrl-A.
The orc hits you with a +0 hand axe.
An orc comes into view. It is wielding a +0 trident of pain.
The orc hits you with a +2 mace of draining.
You feel drained. The orc misses you. The orc completely misses you.
The orc closely misses you.
The orc priest hits you with a +0 flail.
* * * LOW HITPOINT WARNING * * *
Unknown command.
It was a potion of brilliance.
You feel clever all of a sudden. The orc priest misses you.
The orc hits you with a +2 mace of draining.
You die...

~~*,,,,,**,****,* *,,,,,,,* *~~~
~~*,,,,,**,,,,,,* *,,,,**,* **~~
~**,,,,,**,,,,,,***,,,,**,** *~~
~*,,,,,,**,,,,,,,,*,,,,,,,,* *~~
**,,,,,,',,,...#*,**,##**,,** **~
*,,,,,,,***,....*,**,.###,,,****~
*,,,,,,,* *,..{.*,,,,...,<>,,,,*~
,,,,,,,,* *,...o#####.#..,,,**,*~
,,,,,,,,***,...o@o..<....,,*,,,,*
,,,,,,,,**,,..oooo######.,,*,*,,*
*,,,,,,,,,,,..o...# **,,,*,*,,*
*,,,,,,,,,,,......#****,,,**,*,,*
*,,,,,,,,,,,.o.?..#*,,,,,,,,,*,,~
*,,,,,,,,,,,,,,,,,**,*,,,,,,,,,*~
**********,,,,,,,,**,*********,*~
*,,,,,,,,**,* *,,,,,,,~~
*,,,,,,,,**,* *,******~~


You could see an orc priest and 8 orcs.

Vanquished Creatures
  5 adders (D:2)
  A worm (D:2)
  3 dart slugs
  2 ball pythons
  2 bats (D:1)
  2 endoplasms (D:1)
  3 goblins
  7 hobgoblins
  4 kobolds
  2 quokkas
  3 frilled lizards (D:2)
  7 rats
41 creatures vanquished.

Notes
Turn   | Place    | Note
-------+----------+-------------------------------------------
     0 | D:1      | Setbun the Kobold Brigand began the quest for the Orb.
     0 | D:1      | Reached XP level 1. HP: 12/12 MP: 1/1
    73 | D:1      | Reached skill level 3 in Short Blades
   117 | D:1      | Reached XP level 2. HP: 17/17 MP: 2/2
   227 | D:1      | Reached skill level 4 in Short Blades
   419 | D:1      | Reached XP level 3. HP: 21/21 MP: 3/3
   883 | D:1      | Found a faded altar of an unknown god.
  1146 | D:2      | Reached skill level 5 in Short Blades
  1307 | D:2      | Reached XP level 4. HP: 21/26 MP: 4/4
  1402 | D:2      | Reached skill level 6 in Short Blades
  1639 | D:3      | Slain by an orc

Illustrated notes

Levels and vault maps discovered:
D:1:      matt_arrival_refuge, layout_loops_ring,
          shapermc_ecumenical_altar_mp_ritualfount
D:2:      layout_basic
D:3:      wander_river, layout_basic, mainiacjoe_overflow_boulevard,
          gup_sewer_entry_glass, chequers_serial_rivers_large_b

Skill      XL: |  1  2  3  4 |
---------------+-------------+-----
Short Blades   | 3 4 5 6 |  6.2
Fighting       | |  2.1
Throwing       | |  2.1
Dodging        | |  1.2
Stealth        | |  5.3

Action                   |  1- 3 |  4- 6 || total
-------------------------+-------+-------++-------
Melee: Dagger            |    50 |    27 ||    77
  Use: Scroll            |       |     6 ||     6
       Potion            |       |     1 ||     1
 Stab: Sleeping          |    24 |     6 ||    30
       Distracted        |     1 |       ||     1
Armor: Robe              |     4 |     5 ||     9
Dodge: Dodged            |     8 |    19 ||    27

Table legend: (Time is in decaauts)
 A = Elapsed time spent in this place.
 B = Non-inter-level travel time spent in this place.
 C = Inter-level travel time spent in this place.
 D = Time resting spent in this place.
 E = Time spent auto-exploring this place.
 F = Levels seen in this place.
 G = Mean time per level.
                   A        B        C        D        E       F      G
               +--------+--------+--------+--------+--------+-----+--------+
         Total |   1619 |   1580 |     39 |      0 |   1346 |   3 |  539.7 |
       Dungeon |   1619 |   1580 |     39 |      0 |   1346 |   3 |  539.7 |
               +--------+--------+--------+--------+--------+-----+--------+

Top non-repeatable levels by time:
     D:1: 902 daAuts
     D:2: 700 daAuts
     D:3: 16 daAuts
